 Seeded DCSS version 0.29-a0-834-g1e95ca9f62 (webtiles) character file.

Game seed: 20220712 (custom seed)

29 flotson the Sneak (level 3, -2/29 HPs)
             Began as a Demonspawn Delver on July 12, 2022.
             Slain by an iguana (10 damage)
             ... on level 4 of the Dungeon.
             The game lasted 00:01:57 (773 turns).

flotson the Sneak (Demonspawn Delver)                Turns: 773, Time: 00:01:58

Health: -2/29      AC:  6    Str: 14    XL:     3   Next: 1%
Magic:  3/3        EV:  9    Int: 11    God:
Gold:   59         SH:  0    Dex: 14    Spells: 2/2 levels left

rFire   . . .      SeeInvis .   b - +2 dagger (elec)
rCold   . . .      Faith    .   (no shield)
rNeg    . . .      Spirit   .   j - +0 scale mail
rPois   .          Reflect  .   (helmet restricted)
rElec   .          Harm     .   (no cloak)
rCorr   .          Rampage  .   (no gloves)
Will    .....                   (no boots)
Stlth   +.........              (no amulet)
HPRegen 0.09/turn               (no ring)
MPRegen 0.08/turn               (no ring)

@: no status effects
A: horns 1, foul stench 1
a: no special abilities


You were on level 4 of the Dungeon.
You visited 1 branch of the dungeon, and saw 5 of its levels.

You collected 59 gold pieces.

Inventory:

Hand Weapons
 a - a +0 spear
 b - a +2 dagger of electrocution (weapon)
Missiles
 i - 2 stones (quivered)
Armour
 f - a +0 leather armour
 j - a +0 scale mail (worn)
Wands
 g - a wand of digging (3)
Scrolls
 c - a scroll of fog
 d - a scroll of magic mapping
 e - a scroll of fear
 h - a scroll of identify {unknown}


   Skills:
 + Level 3.2 Fighting
 + Level 0.7(1.3) Axes
 - Level 1.7(1.9) Polearms
 + Level 0.5 Throwing
 + Level 0.7 Armour
 + Level 2.1 Dodging
 - Level 4.5 Stealth
 + Level 0.8 Evocations


You had 2 spell levels left.
You didn't know any spells.
Your spell library was empty.

Dungeon Overview and Level Annotations

Branches:
Dungeon (5/15)             Temple (0/1) D:5

Altars:
Cheibriados
Hepliaklqana

Annotations:
D:5 Edmund


Innate Abilities, Weirdness & Mutations

You have a pair of small horns on your head.
You may rarely emit foul miasma when damaged in melee.


Message History

You feel sick.
You feel sick.
You feel sick.
You are no longer poisoned.
The helpless frilled lizard fails to defend itself.
You puncture the frilled lizard!
You kill the frilled lizard!
No target in view!
No target in view!
(D) Dungeon (T) Temple
Where to? (Enter - Temple, ? - help)
You now have 59 gold pieces (gained 13).
There is a stone staircase leading down here.
You climb downwards.
There is a stone staircase leading up here.
There is a stone staircase leading down here.
You climb downwards.
Level annotation: Edmund
There is a stone staircase leading up here.
The iguana hisses angrily.
There is a stone staircase leading up here.
The iguana barely misses you.
You climb upwards.
There is a stone staircase leading down here.
You closely miss the iguana.
You headbutt the iguana, but do no damage.
The iguana bites you.
You hit the iguana but do no damage. You headbutt the iguana.
The iguana is lightly wounded.
The iguana bites you!
* * * LOW HITPOINT WARNING * * *
You are too injured to fight recklessly!
You are too injured to fight recklessly!
You completely miss the iguana.
The iguana is lightly wounded.
The iguana bites you but does no damage.
You hit the iguana.
The iguana is moderately wounded.
The iguana bites you!
You die...

#.#.#.##
#######
#...##
##.##
#.# #.#
#.# #.#
#.# #@#
#l# #.#
#.# #.#
#.# #.#
..#


You could see an iguana.

Vanquished Creatures
  3 adders
  A frilled lizard (D:3)
  A kobold (D:3)
5 creatures vanquished.

Vanquished Creatures (others)
  14 plants (D:3)
14 creatures vanquished.

Grand Total: 19 creatures vanquished

Notes
Turn   | Place    | Note
-------+----------+-------------------------------------------
     0 | D:5      | flotson the Demonspawn Delver began the quest for the Orb.
     0 | D:5      | Reached XP level 1. HP: 18/18 MP: 1/1
    12 | D:5      | Noticed Edmund
    78 | D:5      | Found a staircase to the Ecumenical Temple.
    90 | D:5      | Gained mutation: You may rarely emit foul miasma when
                  | damaged in melee. [demonic ancestry]
    90 | D:5      | Reached XP level 2. HP: 20/24 MP: 2/2
   475 | D:3      | Found a snail-covered altar of Cheibriados.
   477 | D:3      | Found a hazy altar of Hepliaklqana.
   729 | D:3      | Gained mutation: You have a pair of small horns on your
                  | head. [demonic ancestry]
   729 | D:3      | Reached XP level 3. HP: 23/29 MP: 3/3
   773 | D:4      | Slain by an iguana

Illustrated notes

Levels and vault maps discovered:
D:1:      shiori_shiawase, layout_basic, serial_shops, shop, shop,
          nicolae_shop_statue_plus, shop, shop, kennysheep_boxes
D:2:      layout_basic, shapermc_ecumenical_altar_gd, uniq_natasha
D:3:      layout_basic, chequers_temple_overflow_statue_of_worship,
          gammafunk_ghost_necromancy, columned_hall_lemuel,
          dreamdust_princess_bridge, minmay_misc_feat_square,
          serial_bayou_pond_c
D:4:      layout_loops_ring, minmay_checkerbox, uniq_eustachio
D:5:      layout_loops_ring, minmay_temple_entry_trees,
          nicolae_concentric_dashed_squares_mild, minivault_23, uniq_edmund

Skill      XL: |  1 |
---------------+----+-----
Dodging        | 2 |  2.1
Fighting       | |  3.2
Axes           | |  0.7
Polearms       | |  1.7
Throwing       | |  0.5
Armour         | |  0.7
Stealth        | |  4.5
Evocations     | |  0.8

Action                   || total
-------------------------++-------
Melee: Spear             ||    24
       Dagger            ||    12
       Headbutt          ||     2
  Use: Potion            ||     1
 Stab: Sleeping          ||     1
Armor: Leather armour    ||     4
       Scale mail        ||     4
Dodge: Dodged            ||    16

Table legend: (Time is in decaauts)
 A = Elapsed time spent in this place.
 B = Non-inter-level travel time spent in this place.
 C = Inter-level travel time spent in this place.
 D = Time resting spent in this place.
 E = Time spent auto-exploring this place.
 F = Levels seen in this place.
 G = Mean time per level.
                   A        B        C        D        E       F      G
               +--------+--------+--------+--------+--------+-----+--------+
         Total |    755 |    581 |    174 |    174 |    224 |   5 |  151.0 |
       Dungeon |    755 |    581 |    174 |    174 |    224 |   5 |  151.0 |
               +--------+--------+--------+--------+--------+-----+--------+

Top non-repeatable levels by time:
     D:3: 275 daAuts
     D:4: 214 daAuts
     D:2: 116 daAuts
     D:5: 112 daAuts
     D:1: 37 daAuts
